 Dungeon Crawl Stone Soup version 0.31-a0-214-gb37851dbb3 (webtiles) character file.

Game seed: 11879807646993877286

1649 qw the Cleaver (level 9, -2/55 HPs)
             Began as a Gargoyle Fighter on June 30, 2023.
             Was a Follower of Okawaru.
             Slain by Duvessa
             ... wielding a +0 short sword
              (12 damage)
             ... on level 6 of the Dungeon.
             The game lasted 00:02:20 (4167 turns).

qw the Cleaver (Gargoyle Fighter)                   Turns: 4167, Time: 00:02:21

Health: -2/55      AC: 19    Str: 24    XL:     9   Next: 0%
Magic:  10/12      EV: 15    Int:  9    God:    Okawaru [*.....]
Gold:   1141       SH:  5    Dex:  9    Spells: 8/8 levels left

rFire   . . .        Y - +1 war axe
rCold   . . .        c - +0 buckler
rNeg    + . .        s - +0 chain mail
rPois   inf          (no helmet)
rElec   +            (no cloak)
rCorr   .            (no gloves)
SInv    .            g - +1 pair of boots
Will    .....        (no amulet) Stlth
                     f - +5 ring of evasion
HPRegen 0.29/turn    (no ring)
MPRegen 0.13/turn

%: no passive effects
@: about to teleport, heroic
A: sickness immunity, AC +6, negative energy resistance 1, electricity
resistance, torment resistance 1, petrification resistance
a: Renounce Religion, Heroism


You were on level 6 of the Dungeon.
You worshipped Okawaru.
Okawaru was aware of your devotion.
You visited 1 branch of the dungeon, and saw 6 of its levels.

You collected 1141 gold pieces.


Innate Abilities, Weirdness & Mutations

You are immune to sickness and miasma.
Your stone body is resilient. (AC +6)
You are immune to poison.
You resist negative energy. (rN+)
You are resistant to electric shocks. (rElec)
You are resistant to unholy torment.
You are immune to petrification.


   Skills:
 - Level 6.0(11.0) Fighting
 + Level 8.1(13.1) Axes
 - Level 1.1(6.1) Throwing
 - Level 3.7(8.7) Armour
 - Level 1.5(6.5) Dodging
 - Level 3.2(8.2) Shields
 - Level 4.0 Invocations


You had 8 spell levels left.
You didn't know any spells.
Your spell library was empty.

Inventory:

Hand Weapons
 j - a +0 flail
 Y - a +1 war axe (weapon)
Missiles
 p - 2 boomerangs (quivered)
Armour
 c - a +0 buckler (worn)
 g - a +1 pair of boots (worn)
 s - a +0 chain mail (worn)
Jewellery
 f - a +5 ring of evasion (left hand)
 i - an amulet of guardian spirit
Scrolls
 q - a scroll of identify
Potions
 a - 3 potions of heal wounds
 d - a potion of might
 e - a potion of degeneration {unknown}
 l - a potion of enlightenment {unknown}
 m - a potion of cancellation
 n - a potion of attraction {unknown}
 o - a potion of invisibility {unknown}

Dungeon Overview and Level Annotations

Branches:
Dungeon (6/15)             Temple (0/1) D:5

Altars:
Fedhas
Okawaru
Qazlal
Ru

Annotations:
D:6 Duvessa


Message History

Enter note: The iguana hisses angrily.
You slash Duvessa!
Duvessa is heavily wounded.
You slash Dowan! Duvessa completely misses you. Dowan closely misses you.
You barely miss Duvessa.
Duvessa is heavily wounded.
You hit Dowan. Duvessa hits you with a +0 short sword!
Dowan hits you with a +0 dagger. You block Duvessa's attack.
You slash Duvessa!
Duvessa is severely wounded.
You hit Dowan.
Duvessa gestures with her weapon.
Duvessa zaps a wand.
The puff of flame hits you but does no damage.
Dowan says, "Stay away from my face!"
Dowan hits you with a +0 dagger.
You hit Duvessa but do no damage.
Duvessa is severely wounded.
You barely miss Dowan. You block Duvessa's attack.
You barely miss Duvessa.
Duvessa is severely wounded.
You slash Dowan!
You kill Dowan!
Okawaru accepts your kill.
Duvessa weeps, and shakes her weapon.
Duvessa goes berserk!
Duvessa hits you with a +0 short sword!
You have reached level 9!
Your experience leads to an increase in your attributes!
Increase (S)trength, (I)ntelligence, or (D)exterity?
You feel stronger. x2
4167 ||| READING scroll of teleportation.
As you read the scroll of teleportation, it crumbles to dust.
You feel strangely unstable. Duvessa hits you but does no damage.
Duvessa hits you with a +0 short sword!
You die...

#. #.....### #####
#.##.....# # .........#
##.###...## #.....#..#
#..##.#..# #..##.#..#
#.####.$......#######
#.....l@............####
....$.e.................
#.####..##.#..####..####
#........# ##..##
#..##.#### #...# #..##.#
#####.#.## #..##.#
#......... #..##.
#.###.##.. #.###.


You could see Duvessa (berserk, fast) and an iguana.

Vanquished Creatures
  A water moccasin (D:6)
  An ice beast (D:6)
  2 black bears
  2 ogres (D:5)
  2 centaurs (D:5)
  4 scorpions
  Dowan (D:6)
  A jelly (D:6)
  3 orc priests (D:5)
  7 hounds
  A gnoll bouda (D:5)
  2 iguanas
  3 orc wizards
  5 gnolls (D:5)
  4 adders
  A white imp (D:6)
  2 worms
  4 dart slugs
  16 orcs
  2 bats
  2 endoplasms
  3 giant cockroaches
  4 goblins
  6 hobgoblins
  11 jackals
  2 quokkas (D:3)
  9 ball pythons
  3 frilled lizards (D:2)
  3 kobolds
  8 rats
115 creatures vanquished.

Vanquished Creatures (others)
  An orc wizard (D:5)
1 creature vanquished.

Grand Total: 116 creatures vanquished

Notes
Turn   | Place    | Note
-------+----------+-------------------------------------------
     0 | D:1      | qw the Gargoyle Fighter began the quest for the Orb.
     0 | D:1      | Reached XP level 1. HP: 14/14 MP: 1/1
     0 | D:1      | 0 ||| qw: Version: 0.3-a-32-g5962c71
     0 | D:1      | 0 ||| qw: Game counter: 7321
     0 | D:1      | 0 ||| qw: Melee chars always use a shield: true
     0 | D:1      | 0 ||| qw: God list: Okawaru
     0 | D:1      | 0 ||| qw: Allow faded altars: false
     0 | D:1      | 0 ||| qw: Do Orc after clearing Dungeon:15 true
     0 | D:1      | 0 ||| qw: Do second Lair branch before Depths: true
     0 | D:1      | 0 ||| qw: Lair rune preference: random
     0 | D:1      | 0 ||| qw: Goals: Normal, Zot:1-4, Slime:5, God:TSO, Crypt,
                  | Tomb, Abyss, Pan, Hells, Win
     0 | D:1      | 0 ||| PLANNING D:1-11
    23 | D:1      | Reached skill level 2 in Axes
   119 | D:1      | Reached XP level 2. HP: 19/19 MP: 2/2
   218 | D:1      | 218 ||| Stepping ~*~*~tactically~*~*~ (hiding).
   298 | D:1      | 298 ||| Stepping ~*~*~tactically~*~*~ (stealth).
   301 | D:1      | Reached skill level 3 in Axes
   301 | D:1      | 301 ||| FLEEEEING.
   408 | D:1      | Reached XP level 3. HP: 23/23 MP: 3/3
   524 | D:1      | 524 ||| DROPPING ring of magical power.
   525 | D:1      | 525 ||| READING scroll labelled ANOUPO VUINUF.
   528 | D:1      | 528 ||| READING scroll labelled MAPPUG KIFUO.
   732 | D:2      | 732 ||| FLEEEEING.
   744 | D:2      | 744 ||| Stepping ~*~*~tactically~*~*~ (hiding).
   745 | D:2      | 745 ||| Stepping ~*~*~tactically~*~*~ (hiding).
   976 | D:2      | Reached XP level 4. HP: 27/28 MP: 4/4
  1179 | D:2      | 1179 ||| Stepping ~*~*~tactically~*~*~ (stealth).
  1180 | D:2      | 1180 ||| Stepping ~*~*~tactically~*~*~ (stealth).
  1186 | D:2      | Reached skill level 4 in Axes
  1252 | D:2      | 1252 ||| DROPPING +6 ring of intelligence.
  1253 | D:2      | 1253 ||| READING scroll labelled DARIG LOULEARA.
  1253 | D:2      | Identified a scroll of acquirement
  1253 | D:2      | 1253 ||| ACQUIRING 747 gold pieces
  1253 | D:2      | Acquired 747 gold pieces
  1255 | D:2      | 1255 ||| READING scroll labelled YMIUR ATOENUSA.
  1256 | D:2      | 1256 ||| READING scroll labelled GIKEILU WAUVAPT.
  1257 | D:2      | 1257 ||| READING scroll labelled ENURIMN GAIT.
  1258 | D:2      | 1258 ||| DRINKING 2 white potions.
  1259 | D:2      | 1259 ||| DRINKING 2 fuming coppery potions.
  1260 | D:2      | 1260 ||| DROPPING potion of brilliance.
  1297 | D:3      | Found an iron altar of Okawaru.
  1298 | D:3      | 1298 ||| PLANNING OKAWARU WORSHIP
  1315 | D:3      | Became a worshipper of Warmaster Okawaru
  1316 | D:3      | 1316 ||| PLANNING D:1-11
  1319 | D:3      | Identified the +2 spear "Vunusum" {flame, Stlth+}
  1320 | D:3      | 1320 ||| DROPPING +0 club.
  1384 | D:3      | 1384 ||| Stepping ~*~*~tactically~*~*~ (hiding).
  1388 | D:3      | 1388 ||| Stepping ~*~*~tactically~*~*~ (hiding).
  1867 | D:3      | 1867 ||| DROPPING +0 mace.
  1871 | D:3      | 1871 ||| READING scroll labelled XYOD BASUYLOISCH.
  1912 | D:4      | Noticed a scorpion
  1917 | D:4      | 1917 ||| STAIRDANCE
  1927 | D:3      | Killed a scorpion
  1928 | D:3      | Reached XP level 5. HP: 19/32 MP: 5/5
  1930 | D:3      | Reached skill level 5 in Axes
  2006 | D:4      | Found a blossoming altar of Fedhas.
  2113 | D:4      | Noticed a black bear
  2114 | D:4      | 2114 ||| Stepping ~*~*~tactically~*~*~ (stealth).
  2143 | D:4      | Killed a black bear
  2143 | D:4      | Reached * piety under Okawaru
  2144 | D:4      | Reached XP level 6. HP: 18/40 MP: 6/6
  2709 | D:4      | 2709 ||| UPGRADING to +1 pair of boots.
  2714 | D:4      | 2714 ||| UPGRADING to +5 ring of evasion.
  2715 | D:4      | 2715 ||| READING scroll labelled NON UGOSOOJIE.
  2749 | D:5      | Entered Level 5 of the Dungeon
  2779 | D:5      | Found a sacrificial altar of Ru.
  2801 | D:5      | Reached skill level 1 in Invocations
  2837 | D:5      | Identified the +1 robe "Yroreute" {rElec Slay+3}
  2853 | D:5      | 2853 ||| INVOKING Heroism.
  2865 | D:5      | 2865 ||| INVOKING Heroism.
  2867 | D:5      | Reached skill level 1 in Dodging
  2867 | D:5      | Reached XP level 7. HP: 28/44 MP: 3/8
  2977 | D:5      | 2977 ||| INVOKING Heroism.
  3022 | D:5      | 3022 ||| Stepping ~*~*~tactically~*~*~ (hiding).
  3114 | D:5      | Found a stormy altar of Qazlal.
  3119 | D:5      | 3119 ||| Stepping ~*~*~tactically~*~*~ (stealth).
  3130 | D:5      | Reached skill level 3 in Invocations
  3155 | D:5      | 3155 ||| INVOKING Heroism.
  3170 | D:5      | Reached skill level 6 in Axes
  3221 | D:5      | 3221 ||| Stepping ~*~*~tactically~*~*~ (stealth).
  3226 | D:5      | 3226 ||| INVOKING Heroism.
  3228 | D:5      | 3228 ||| Stepping ~*~*~tactically~*~*~ (hiding).
  3233 | D:5      | Reached XP level 8. HP: 48/48 MP: 8/11
  3256 | D:5      | Found a staircase to the Ecumenical Temple.
  3262 | D:5      | 3262 ||| INVOKING Heroism.
  3312 | D:5      | 3312 ||| Stepping ~*~*~tactically~*~*~ (hiding).
  3313 | D:5      | 3313 ||| Stepping ~*~*~tactically~*~*~ (hiding).
  3322 | D:5      | 3322 ||| Stepping ~*~*~tactically~*~*~ (stealth).
  3410 | D:5      | 3410 ||| FLEEEEING.
  3438 | D:5      | 3438 ||| INVOKING Heroism.
  3450 | D:5      | Reached skill level 7 in Axes
  3478 | D:5      | Reached skill level 1 in Throwing
  3751 | D:5      | 3751 ||| DROPPING +0 leather armour of fire resistance.
  3752 | D:5      | 3752 ||| UPGRADING to +0 chain mail.
  3762 | D:5      | 3762 ||| DROPPING +0 scale mail.
  3763 | D:5      | 3763 ||| READING scroll labelled PUTSIZU BOUMMO.
  3764 | D:5      | 3764 ||| READING scroll labelled FIUS BON NUY.
  3765 | D:5      | 3765 ||| DRINKING 3 coppery potions.
  3797 | D:6      | 3797 ||| INVOKING Heroism.
  3902 | D:6      | 3902 ||| INVOKING Heroism.
  3914 | D:6      | Reached skill level 8 in Axes
  4116 | D:6      | Reached skill level 6 in Fighting
  4157 | D:6      | Noticed Duvessa
  4158 | D:6      | 4158 ||| INVOKING Heroism.
  4158 | D:6      | Noticed Dowan
  4166 | D:6      | Killed Dowan
  4166 | D:6      | HP: 9/51 [Duvessa/+0 short sword (17)]
  4167 | D:6      | Reached XP level 9. HP: 10/55 MP: 10/12
  4167 | D:6      | 4167 ||| READING scroll of teleportation.
  4167 | D:6      | Slain by Duvessa

Levels and vault maps discovered:
D:1:      mrwooster_arrival_statue_3, layout_basic
D:2:      layout_basic
D:3:      layout_rooms, okawaru_ov_weapons_minmay
D:4:      layout_layer_cave, mainiacjoe_overflow_tiny_flanked,
          kennysheep_generic_room_12
D:5:      layout_basic, nicolae_qazlal_scattered_showers, lemuel_tele_altar,
          minmay_temple_entry_mini_moons, lemuel_flame_loot_1
D:6:      layout_basic, mainiacjoe_overflow_alcove_1, uniq_duvessa

Skill      XL: |  1  2  3  4  5  6  7  8 |
---------------+-------------------------+-----
Axes           | 2 3 4 5 6 8 |  8.1
Fighting       | 4 6 |  6.0
Invocations    | 2 4 |  4.0
Dodging        | 1 |  1.5
Throwing       | 1 |  1.1
Armour         | |  3.7
Shields        | |  3.2

Action                     |  1- 3 |  4- 6 |  7- 9 || total
---------------------------+-------+-------+-------++-------
  Melee: War axe           |   104 |   118 |   131 ||   353
  Throw: Boomerang         |       |       |    44 ||    44
 Invoke: Heroism           |       |     2 |     8 ||    10
    Use: Scroll            |     2 |     6 |     3 ||    11
         Potion            |       |     2 |     1 ||     3
 Armour: Scale mail        |    56 |    63 |    62 ||   181
         Chain mail        |       |       |    19 ||    19
  Dodge: Dodged            |    50 |    56 |    72 ||   178
  Block: Buckler           |    17 |    20 |    36 ||    73

Table legend:
 A = Non-vault XP
 B = Vault XP
 C = Vault XP percentage of total XP
 D = Non-vault monster count
 E = Vault monster count
 F = Vault count percentage of total count
                 A         B        C        D         E       F
            +---------+---------+-------+---------+---------+-------
      Total |    2288 |      69 |   2.9 |     114 |       1 |   0.9
            +---------+---------+-------+---------+---------+-------
        D:1 |      34 |       0 |   0.0 |      18 |       0 |   0.0
        D:2 |      66 |       0 |   0.0 |      24 |       0 |   0.0
        D:3 |     146 |       0 |   0.0 |      15 |       0 |   0.0
        D:4 |     189 |       0 |   0.0 |       9 |       0 |   0.0
        D:5 |    1203 |       0 |   0.0 |      34 |       0 |   0.0
        D:6 |     650 |      69 |   9.6 |      14 |       1 |   6.7
            +---------+---------+-------+---------+---------+-------
